 Dungeon Crawl Stone Soup version 0.29-a0-821-g66395355a5 (webtiles) character file.

Game seed: 3698234560397615326

14 blackman the Chopper (level 2, -2/24 HPs)
             Began as a Human Chaos Knight on July 7, 2022.
             Was a Plaything of Xom.
             Slain by a gnoll
             ... wielding a +0 spear
              (8 damage)
             ... on level 1 of the Dungeon.
             The game lasted 00:01:59 (662 turns).

blackman the Chopper (Human Chaos Knight)            Turns: 662, Time: 00:02:00

Health: -2/24      AC: 10    Str: 12    XL:     2   Next: 55%
Magic:  2/2        EV:  5    Int: 12    God:    Xom [..*...]
Gold:   66         SH:  0    Dex: 12    Spells: 1/1 levels left

rFire   . . .      SeeInvis .   a - +0 hand axe (chaos)
rCold   . . .      Faith    .   (no shield)
rNeg    . . .      Spirit   .   g - +0 chain mail
rPois   .          Reflect  .   i - +0 helmet
rElec   .          Harm     .   e - +0 cloak
rCorr   .          Rampage  .   (no gloves)
Will    .....                   (no boots)
Stlth   ..........              (no amulet)
HPRegen 0.08/turn               (no ring)
MPRegen 0.08/turn               (no ring)

@: no status effects
A: no striking features
a: Renounce Religion


You were on level 1 of the Dungeon.
You worshipped Xom.
You were a toy of Xom.
You visited 1 branch of the dungeon, and saw 1 of its levels.

You collected 66 gold pieces.

Inventory:

Hand Weapons
 a - a +0 hand axe of chaos (weapon)
Armour
 b - a +2 leather armour
 e - a +0 cloak (worn)
 g - a +0 chain mail (worn)
 i - a +0 helmet (worn)
Scrolls
 d - a scroll of teleportation {unknown}
 h - 2 scrolls of identify {unknown}
Potions
 f - a potion of curing {unknown}
Miscellaneous
 c - a piece from Xom's chessboard (15/15) (quivered)


   Skills:
 - Level 3.0 Fighting
 + Level 3.7 Axes
 - Level 2.0 Armour
 - Level 1.0 Dodging


You had one spell level left.
You didn't know any spells.
Your spell library was empty.

Dungeon Overview and Level Annotations

Branches:
Dungeon (1/15)

Altars:

Shops:
D:1 :


Message History

You swap places.
You now have 66 gold pieces (gained 12).
A gnoll comes into view. It is wielding a +0 spear.
The gnoll shouts!
The gnoll hits you from afar with a +0 spear.
The gnoll hits you but does no damage.
You hit the gnoll but do no damage. The gnoll hits you with a +0 spear.
You hit the gnoll but do no damage.
The gnoll seems to speed up.
The gnoll hits you but does no damage. The gnoll barely misses you.
You hit the gnoll.
The gnoll resists with some effort.
The gnoll is lightly wounded.
The gnoll barely misses you. The gnoll completely misses you.
You barely miss the gnoll.
The gnoll is lightly wounded.
A bat comes into view.
The gnoll hits you but does no damage.
You closely miss the gnoll.
The gnoll is lightly wounded.
The gnoll barely misses you. The bat hits your quokka zombie.
The gnoll hits you with a +0 spear.
You hit the gnoll.
The gnoll is severely wounded.
The bat hits your quokka zombie. The gnoll barely misses you.
The gnoll hits you with a +0 spear.
You barely miss the gnoll.
The gnoll is severely wounded.
The bat barely misses your quokka zombie.
The gnoll barely misses you.
Your quokka zombie closely misses the bat.
The gnoll hits you with a +0 spear.
You hit the gnoll. You freeze the gnoll.
The gnoll is almost dead.
The bat hits your quokka zombie. The gnoll hits you with a +0 spear.
* * * LOW HITPOINT WARNING * * *
The bat hits your quokka zombie.
Your quokka zombie barely misses the bat.
You hit the gnoll but do no damage.
The gnoll is almost dead.
The bat hits your quokka zombie. x2; The gnoll hits you with a +0 spear!
You die...

#.≈≈≈≈PP≈#
###.≈≈≈≈≈≈#
.###.≈≈≈≈P#
####.≈≈≈≈≈#
###.≈≈≈≈≈P#
##.≈≈≈≈≈P≈##.
.#P.≈≈≈≈≈≈##. #
.#.≈≈≈≈≈≈P##b#####.#
.##.≈≈≈≈P≈#..Z..@g.#
.###.≈≈≈≈≈##.##.####
(##≈.≈≈≈≈≈##..#.#
###.≈≈≈≈≈≈###.#.#
###P.≈≈≈≈≈#.....#
.###..≈≈≈≈###.###
##<.≈≈≈≈≈P# #.#
#############.# #.#
#.......#


You could see a gnoll (fast), a bat (ally target) and a friendly quokka zombie.

Vanquished Creatures
  A dart slug (D:1)
  A ball python (D:1)
  2 bats (D:1)
  A giant cockroach (D:1)
  A goblin (D:1)
  A hobgoblin (D:1)
  A quokka (D:1)
  A frilled lizard (D:1)
  A rat (D:1)
10 creatures vanquished.

Notes
Turn   | Place    | Note
-------+----------+-------------------------------------------
     0 | D:1      | blackman the Human Chaos Knight began the quest for the
                  | Orb.
     0 | D:1      | Reached XP level 1. HP: 18/18 MP: 1/1
   122 | D:1      | Found Beweur's Book Emporium.
   135 | D:1      | Reached XP level 2. HP: 24/24 MP: 2/2
   662 | D:1      | Slain by a gnoll

Illustrated notes

Levels and vault maps discovered:
D:1:      lightli_arrival_windingriver, layout_loops_cross, serial_shops, shop

Action                   || total
-------------------------++-------
Melee: Hand axe          ||    41
  Use: Potion            ||     1
Armor: Leather armour    ||     4
       Chain mail        ||    16
Dodge: Dodged            ||    25

Table legend: (Time is in decaauts)
 A = Elapsed time spent in this place.
 B = Non-inter-level travel time spent in this place.
 C = Inter-level travel time spent in this place.
 D = Time resting spent in this place.
 E = Time spent auto-exploring this place.
 F = Levels seen in this place.
 G = Mean time per level.
                   A        B        C        D        E       F      G
               +--------+--------+--------+--------+--------+-----+--------+
         Total |    676 |    660 |     16 |      0 |    534 |   1 |  676.0 |
       Dungeon |    676 |    660 |     16 |      0 |    534 |   1 |  676.0 |
               +--------+--------+--------+--------+--------+-----+--------+

Top non-repeatable levels by time:
     D:1: 676 daAuts
